[ AOE2 MATCH · #506135424 ]
UnrankedBulgarians vs Magyars
Player's team · LOSS
Rival team · WIN
[ REPLAY ANALYSIS · EXTRACTED FROM THE RECORDED GAME ]
Feudal
10:13
Castle
20:00
Imperial
—
| APM avg | 65.8 |
| APM peak | 92 |
| eAPM avg | 23.4 |
| Villagers / military | 58 / 34 |
Focus
⚔️ 43.1% · 🌾 56.9%
Konnik ×17 · Scout Cavalry ×11 · Militia ×5 · Spearman ×1
Feudal
9:16
Castle
19:29
Imperial
—
| APM avg | 78.2 |
| APM peak | 113 |
| eAPM avg | 28.8 |
| Villagers / military | 58 / 37 |
Focus
⚔️ 37.0% · 🌾 63.0%
Cavalry Archer ×21 · Archer ×5 · Skirmisher ×5 · Spearman ×2 · Monk ×1 · Knight ×1
Match map
Initial resources + every placement click. Lines = walls · curves = elevation contours. ◆ gold · ⬟ stone · ● berries · ✦ relic · ◌ wall gap
Your base· Open — unwalled flank
CNZS_MING's base· ✓ Closed at 19:29 · 13t walls · 2 gate(s)
Smoothed initial terrain · ◌ = detected wall gap · hover for details
Inputs per minute
— CNZS_Donghaidi - - CNZS_MING
Build order — CNZS_Donghaidi
First 150 of 170 actions detected
| 0:00 | Create | Villager (Male) |
| 0:00 | Create | Villager (Male) |
| 0:01 | Create | Villager (Male) |
| 0:02 | Build | House |
| 0:02 | Build | House |
| 0:09 | Create | Villager (Male) |
| 0:10 | Create | Villager (Male) |
| 1:28 | Create | Villager (Male) |
| 1:59 | Create | Villager (Male) |
| 2:10 | Build | Lumber Camp |
| 2:12 | Create | Villager (Male) |
| 2:12 | Create | Villager (Male) |
| 2:48 | Create | Villager (Male) |
| 3:06 | Create | Villager (Male) |
| 3:07 | Create | Villager (Male) |
| 3:25 | Create | Villager (Male) |
| 3:25 | Create | Villager (Male) |
| 3:40 | Create | Villager (Male) |
| 3:40 | Create | Villager (Male) |
| 3:58 | Build | House |
| 4:12 | Create | Villager (Male) |
| 4:12 | Create | Villager (Male) |
| 4:33 | Build | Barracks |
| 4:50 | Create | Villager (Male) |
| 4:50 | Create | Villager (Male) |
| 5:14 | Build | House |
| 5:19 | Create | Villager (Male) |
| 5:22 | Create | Villager (Male) |
| 5:34 | Create | Militia |
| 5:45 | Build | House |
| 5:52 | Create | Militia |
| 5:55 | Create | Villager (Male) |
| 6:03 | Create | Villager (Male) |
| 6:22 | Build | Mill |
| 6:33 | Create | Villager (Male) |
| 7:22 | Research | Loom |
| 7:47 | Build | Mining Camp |
| 8:03 | Research | Feudal Age |
| 8:36 | Create | Militia |
| 8:39 | Build | Mill |
| 8:57 | Build | Farm |
| 9:10 | Create | Militia |
| 9:17 | Build | Farm |
| 9:28 | Build | Palisade Gate |
| 9:36 | Create | Militia |
| 9:39 | Create | Villager (Male) |
| 9:41 | Build | Farm |
| 9:50 | Build | House |
| 10:13 | Age | Feudal Age |
| 10:19 | Research | Double-Bit Axe |
| 10:22 | Create | Villager (Male) |
| 10:35 | Create | Villager (Male) |
| 10:55 | Create | Villager (Male) |
| 11:12 | Build | Farm |
| 11:13 | Build | Farm |
| 11:22 | Build | House |
| 11:23 | Create | Villager (Male) |
| 11:31 | Build | Farm |
| 11:48 | Create | Villager (Male) |
| 12:12 | Build | House |
| 12:14 | Create | Spearman |
| 12:21 | Create | Villager (Male) |
| 12:29 | Build | Farm |
| 12:32 | Create | Villager (Male) |
| 12:40 | Build | Farm |
| 12:43 | Create | Villager (Male) |
| 12:49 | Build | Farm |
| 12:52 | Build | Farm |
| 13:20 | Build | Stable |
| 13:39 | Create | Villager (Male) |
| 14:15 | Create | Villager (Male) |
| 14:17 | Create | Scout Cavalry |
| 14:18 | Create | Scout Cavalry |
| 14:34 | Create | Villager (Male) |
| 14:36 | Build | Blacksmith |
| 14:50 | Build | Market |
| 15:01 | Create | Scout Cavalry |
| 15:01 | Create | Scout Cavalry |
| 15:04 | Create | Villager (Male) |
| 15:29 | Research | Scale Barding Armor |
| 15:31 | Build | House |
| 15:32 | Create | Villager (Male) |
| 15:39 | Build | Palisade Wall |
| 15:42 | Build | Palisade Wall |
| 15:45 | Build | House |
| 15:47 | Build | House |
| 15:47 | Create | Villager (Male) |
| 15:48 | Build | House |
| 15:57 | Create | Scout Cavalry |
| 16:04 | Create | Villager (Male) |
| 16:06 | Build | House |
| 16:29 | Create | Scout Cavalry |
| 16:34 | Create | Villager (Male) |
| 16:38 | Build | Farm |
| 16:55 | Build | House |
| 17:20 | Research | Castle Age |
| 17:26 | Build | Mining Camp |
| 17:39 | Research | Forging |
| 17:50 | Build | Farm |
| 17:51 | Build | Farm |
| 17:52 | Build | Farm |
| 17:56 | Create | Scout Cavalry |
| 18:11 | Build | Farm |
| 18:22 | Create | Scout Cavalry |
| 18:22 | Create | Scout Cavalry |
| 18:30 | Build | Farm |
| 18:33 | Build | Farm |
| 19:08 | Research | Bloodlines |
| 19:38 | Create | Villager (Male) |
| 19:56 | Build | Stone Wall |
| 19:59 | Build | Stone Wall |
| 20:00 | Age | Castle Age |
| 20:02 | Research | Light Cavalry (upgrade) |
| 20:22 | Create | Villager (Male) |
| 20:41 | Build | Farm |
| 20:41 | Build | Farm |
| 20:42 | Create | Villager (Male) |
| 20:43 | Build | Farm |
| 20:49 | Build | Krepost |
| 20:58 | Create | Villager (Male) |
| 21:28 | Research | Chain Barding Armor |
| 21:31 | Create | Villager (Male) |
| 21:36 | Create | Villager (Male) |
| 21:49 | Create | Villager (Male) |
| 22:19 | Build | Farm |
| 22:21 | Create | Konnik |
| 22:32 | Create | Villager (Male) |
| 22:49 | Build | Lumber Camp |
| 22:59 | Create | Konnik |
| 23:01 | Research | Husbandry |
| 23:10 | Create | Villager (Male) |
| 23:23 | Build | Watch Tower |
| 23:26 | Build | House |
| 23:28 | Build | House |
| 23:29 | Build | House |
| 23:34 | Create | Konnik |
| 23:34 | Create | Konnik |
| 23:37 | Build | Lumber Camp |
| 23:42 | Create | Villager (Male) |
| 23:42 | Create | Villager (Male) |
| 23:57 | Create | Villager (Male) |
| 24:08 | Create | Konnik |
| 24:25 | Create | Villager (Male) |
| 24:41 | Create | Konnik |
| 24:51 | Create | Villager (Male) |
| 24:53 | Build | Siege Workshop |
| 25:04 | Create | Konnik |
| 25:07 | Build | Farm |
| 25:08 | Build | Farm |
| 25:38 | Build | Monastery |
Build order — CNZS_MING
First 150 of 181 actions detected
| 0:00 | Create | Villager (Male) |
| 0:00 | Create | Villager (Male) |
| 0:00 | Create | Villager (Male) |
| 0:02 | Build | House |
| 0:04 | Build | House |
| 0:23 | Create | Villager (Male) |
| 0:23 | Create | Villager (Male) |
| 0:23 | Create | Villager (Male) |
| 1:25 | Create | Villager (Male) |
| 2:03 | Create | Villager (Male) |
| 2:14 | Create | Villager (Male) |
| 2:48 | Create | Villager (Male) |
| 3:00 | Build | Lumber Camp |
| 3:05 | Create | Villager (Male) |
| 3:06 | Create | Villager (Male) |
| 3:26 | Build | House |
| 3:30 | Create | Villager (Male) |
| 3:48 | Create | Villager (Male) |
| 4:16 | Create | Villager (Male) |
| 4:43 | Build | Mill |
| 4:56 | Create | Villager (Male) |
| 5:17 | Create | Villager (Male) |
| 5:36 | Create | Villager (Male) |
| 5:49 | Research | Loom |
| 6:37 | Create | Villager (Male) |
| 7:06 | Research | Feudal Age |
| 7:06 | Research | Feudal Age |
| 7:23 | Build | Palisade Wall |
| 7:24 | Build | Palisade Wall |
| 7:41 | Build | House |
| 7:45 | Build | Palisade Wall |
| 7:46 | Build | Palisade Wall |
| 7:53 | Build | Palisade Gate |
| 7:55 | Build | Palisade Wall |
| 8:22 | Build | Barracks |
| 8:49 | Create | Villager (Male) |
| 9:16 | Age | Feudal Age |
| 9:17 | Create | Villager (Male) |
| 9:30 | Build | Archery Range |
| 9:36 | Build | House |
| 9:46 | Create | Villager (Male) |
| 9:49 | Build | Palisade Wall |
| 9:50 | Build | Palisade Wall |
| 9:55 | Research | Double-Bit Axe |
| 10:00 | Build | House |
| 10:03 | Create | Spearman |
| 10:05 | Create | Villager (Male) |
| 10:11 | Build | Farm |
| 10:22 | Create | Skirmisher |
| 10:28 | Build | House |
| 10:30 | Create | Villager (Male) |
| 10:32 | Create | Skirmisher |
| 10:36 | Build | Palisade Wall |
| 10:38 | Build | House |
| 10:45 | Create | Villager (Male) |
| 10:59 | Build | Palisade Gate |
| 11:09 | Create | Skirmisher |
| 11:12 | Build | Farm |
| 11:24 | Build | Farm |
| 11:26 | Create | Skirmisher |
| 11:34 | Create | Villager (Male) |
| 11:34 | Create | Villager (Male) |
| 11:35 | Build | Farm |
| 11:37 | Build | Farm |
| 11:47 | Build | Farm |
| 11:59 | Create | Villager (Male) |
| 12:03 | Create | Skirmisher |
| 12:24 | Build | Farm |
| 12:30 | Create | Archer |
| 12:32 | Create | Villager (Male) |
| 12:32 | Create | Villager (Male) |
| 12:42 | Build | Mining Camp |
| 12:50 | Build | Farm |
| 13:04 | Build | Farm |
| 13:05 | Build | Farm |
| 13:07 | Create | Villager (Male) |
| 13:28 | Build | Farm |
| 13:48 | Build | Farm |
| 13:49 | Create | Villager (Male) |
| 13:57 | Create | Archer |
| 14:06 | Create | Villager (Male) |
| 14:17 | Build | Farm |
| 14:31 | Build | House |
| 14:40 | Create | Archer |
| 14:42 | Create | Villager (Male) |
| 14:57 | Create | Villager (Male) |
| 15:03 | Build | House |
| 15:20 | Build | Blacksmith |
| 15:31 | Create | Villager (Male) |
| 15:32 | Create | Villager (Male) |
| 15:34 | Create | Archer |
| 15:41 | Build | Palisade Wall |
| 15:42 | Build | Palisade Wall |
| 16:32 | Create | Archer |
| 16:49 | Research | Castle Age |
| 16:49 | Research | Castle Age |
| 16:52 | Create | Spearman |
| 17:04 | Build | Archery Range |
| 17:06 | Research | Horse Collar |
| 17:06 | Research | Horse Collar |
| 17:27 | Build | Palisade Wall |
| 17:28 | Build | House |
| 17:30 | Build | Palisade Gate |
| 17:31 | Build | Palisade Wall |
| 17:37 | Research | Fletching |
| 17:42 | Build | Palisade Wall |
| 17:43 | Build | House |
| 18:05 | Build | Lumber Camp |
| 18:29 | Research | Gold Mining |
| 19:16 | Build | Stable |
| 19:20 | Research | Town Watch |
| 19:20 | Research | Town Watch |
| 19:29 | Age | Castle Age |
| 19:30 | Create | Villager (Male) |
| 19:31 | Create | Cavalry Archer |
| 19:31 | Create | Cavalry Archer |
| 19:35 | Build | Farm |
| 19:36 | Build | Farm |
| 19:41 | Research | Bodkin Arrow |
| 19:41 | Research | Bodkin Arrow |
| 19:52 | Create | Cavalry Archer |
| 19:53 | Create | Cavalry Archer |
| 19:55 | Create | Villager (Male) |
| 19:55 | Create | Villager (Male) |
| 20:10 | Create | Knight |
| 20:27 | Research | Bloodlines |
| 20:29 | Create | Cavalry Archer |
| 20:33 | Create | Cavalry Archer |
| 20:33 | Create | Cavalry Archer |
| 20:36 | Create | Villager (Male) |
| 20:38 | Build | Farm |
| 21:03 | Build | Farm |
| 21:08 | Build | Palisade Wall |
| 21:10 | Build | Watch Tower |
| 21:13 | Create | Cavalry Archer |
| 21:15 | Create | Villager (Male) |
| 21:28 | Create | Villager (Male) |
| 21:37 | Create | Cavalry Archer |
| 21:52 | Create | Cavalry Archer |
| 22:03 | Create | Cavalry Archer |
| 22:18 | Create | Villager (Male) |
| 22:35 | Build | Lumber Camp |
| 22:43 | Build | Farm |
| 22:48 | Research | Husbandry |
| 22:49 | Research | Husbandry |
| 22:56 | Create | Villager (Male) |
| 23:03 | Create | Cavalry Archer |
| 23:18 | Create | Villager (Male) |
| 23:37 | Build | Mining Camp |
| 23:47 | Create | Villager (Male) |
Match timeline
| 4:33 | CNZS_Donghaidi · first_building Barracks |
| 7:23 | CNZS_MING · wall_segment Palisade Wall x1 |
| 7:24 | CNZS_MING · wall_segment Palisade Wall x1 |
| 7:45 | CNZS_MING · wall_segment Palisade Wall x1 |
| 7:46 | CNZS_MING · wall_segment Palisade Wall x1 |
| 7:55 | CNZS_MING · wall_segment Palisade Wall x1 |
| 8:22 | CNZS_MING · first_building Barracks |
| 9:16 | CNZS_MING · age_up feudal |
| 9:30 | CNZS_MING · first_building Archery Range |
| 9:49 | CNZS_MING · wall_segment Palisade Wall x1 |
| 9:50 | CNZS_MING · wall_segment Palisade Wall x1 |
| 10:13 | CNZS_Donghaidi · age_up feudal |
| 10:36 | CNZS_MING · wall_segment Palisade Wall x1 |
| 13:20 | CNZS_Donghaidi · first_building Stable |
| 15:39 | CNZS_Donghaidi · wall_segment Palisade Wall x1 |
| 15:41 | CNZS_MING · wall_segment Palisade Wall x1 |
| 15:42 | CNZS_MING · wall_segment Palisade Wall x1 |
| 15:42 | CNZS_Donghaidi · wall_segment Palisade Wall x1 |
| 16:44 | CNZS_Donghaidi · first_market_sell 100 wood |
| 16:45 | CNZS_Donghaidi · first_market_buy 100 food |
| 17:27 | CNZS_MING · wall_segment Palisade Wall x1 |
| 17:31 | CNZS_MING · wall_segment Palisade Wall x1 |
| 17:42 | CNZS_MING · wall_segment Palisade Wall x1 |
| 19:16 | CNZS_MING · first_building Stable |
| 19:29 | CNZS_MING · age_up castle |
| 19:56 | CNZS_Donghaidi · wall_segment Stone Wall x1 |
| 19:59 | CNZS_Donghaidi · wall_segment Stone Wall x5 |
| 20:00 | CNZS_Donghaidi · age_up castle |
| 20:49 | CNZS_Donghaidi · first_building Krepost |
| 21:08 | CNZS_MING · wall_segment Palisade Wall x1 |
| 24:12 | CNZS_MING · first_building Monastery |
| 24:14 | CNZS_MING · wall_segment Palisade Wall x1 |
| 24:15 | CNZS_MING · wall_segment Palisade Wall x1 |
| 24:53 | CNZS_Donghaidi · first_building Siege Workshop |
| 25:38 | CNZS_MING · first_building Siege Workshop |
| 25:38 | CNZS_Donghaidi · first_building Monastery |
| 25:48 | CNZS_MING · wall_segment Palisade Wall x1 |
| 28:01 | CNZS_Donghaidi · resign |
[ AI ANALYSIS · 1 CREDIT ]
What really happened in this match?
Wolo.gg analyzes every decision: build order, eco, micro, common mistakes by bracket. Personalized analysis on WhatsApp or Discord in 30 seconds.
Civ guide
Bulgarians
Perfil
Jugador #15097184